Unix NetHack Version 5.0.0-0 post-release - last build May 10 2026 23:12:36 (d1fa5d53e341ca933230fdaa984d921c805b60aa,branch:main).

Game began 2026-05-12 13:24:05, ended 2026-05-12 13:40:22.

Drastanta, chaotic male human Wizard

     ------
     |@.f.|
     |.....
     |<...|
     ----.-

Drastanta the Conjurer    St:10 Dx:13 Co:15 In:18 Wi:9 Ch:11  Chaotic
Dlvl:5  $:54 HP:0(33) Pw:42(42) AC:9  Xp:4 T:1679  Fainting

Latest messages:
 The sewer rat bites!
 The kitten bites the sewer rat.
 You faint from lack of food.
 The kitten bites the sewer rat.
 The sewer rat is killed!
 You regain consciousness.
 You faint from lack of food.
 The cave spider bites!
 The kitten misses the cave spider.
 The kitten misses the cave spider.
 The cave spider bites!
 The kitten misses the cave spider.
 The kitten misses the cave spider.
 The cave spider bites!
 The kitten misses the cave spider.
 The kitten misses the cave spider.
 The cave spider bites!
 The kitten misses the cave spider.
 The kitten misses the cave spider.
 The cave spider bites!
 The kitten bites the cave spider.
 The cave spider bites the kitten.
 The kitten misses the cave spider.
 The cave spider bites!
 The kitten misses the cave spider.
 The cave spider bites!
 The kitten misses the cave spider.
 The kitten misses the cave spider.
 The cave spider bites!
 The kitten bites the cave spider.
 The cave spider misses the kitten.
 The kitten bites the cave spider.
 The cave spider is killed!
 You regain consciousness.
 You can hear again.
 You faint from lack of food.
 You regain consciousness.
 What do you want to drink? [fgh or ?*] ?
 You feel much better.
 Are you sure you want to pray? [yn] (n) y
 You begin praying to Anhur.
 You finish your prayer.
 The voice of Anhur booms: "Thou hast angered me."
 Suddenly, a bolt of lightning strikes you!
 You fry to a crisp!
 Do you want your possessions identified? [ynq] (y) n
 Do you want to see your attributes? [ynq] (y) n
 Do you want an account of creatures vanquished? [ynaq] (y) n
 Do you want to see your conduct and achievements? [ynq] (y) n
 Do you want to see the dungeon overview? [ynq] (y) n

Inventory:
 Coins    ('$')
  $ - 54 gold pieces
 Amulets  ('"')
  p - a cursed amulet of strangulation
 Weapons  (')')
  a - a blessed +1 quarterstaff (weapon in hands)
 Armor    ('[')
  b - an uncursed +0 cloak of magic resistance (being worn)
 Scrolls  ('?')
  x - 2 uncursed scrolls of blank paper
  q - an uncursed scroll of food detection
  t - an uncursed scroll of gold detection
  i - an uncursed scroll of identify
  k - an uncursed scroll of light
  j - 2 uncursed scrolls of remove curse
 Spellbooks  ('+')
  m - an uncursed spellbook of cure blindness
  l - a blessed spellbook of force bolt
 Potions  ('!')
  f - an uncursed potion of healing
  g - 2 cursed potions of levitation
 Rings    ('=')
  e - a blessed +1 ring of increase accuracy (on right hand)
  d - an uncursed ring of regeneration (on left hand)
 Wands    ('/')
  c - a wand of cancellation (0:8)
  w - a wand of create monster (0:14)
 Tools    ('(')
  v - a cursed bag of tricks (0:6)
  n - a magic marker (0:22)

Drastanta the Wizard's attributes:

Background:
 You were a Conjurer, a level 4 male human Wizard.
 You were chaotic, on a mission for Anhur
 who was opposed by Ptah (lawful) and Thoth (neutral).
 You were right-handed.
 You were in the Dungeons of Doom, on level 5.
 You entered the dungeon 1679 turns ago.
 You had 100 experience points, 60 more were needed to attain level 5.

Basics:
 You had 0 out of 33 hit points.
 You had all 42 energy points (spell power).
 Your armor class was 9.
 Your wallet contained 54 zorkmids.
 Autopickup was off.

Final Characteristics:
 Your strength was 10 (base:11, limit:18/100).
 Your dexterity was 13 (limit:18).
 Your constitution was 15 (limit:18).
 Your intelligence was 18 (limit:18).
 Your wisdom was 9 (limit:18).
 Your charisma was 11 (limit:18).

Final Status:
 You were fainting due to starvation.
 You were unencumbered.
 You were wielding a quarterstaff.
 You had basic skill with quarterstaff.

Final Attributes:
 You had sinned.
 You were magic-protected.
 You regenerated.
 You had a small bonus to hit (+1).
 You were warded.
 You were very unlucky.
 Anhur was angry with you.
 You are dead.

Miscellaneous:
 You didn't encounter any bones levels.
 Total elapsed playing time was 16 minutes and 16 seconds.

Major events:
 Turn
    1: Drastanta the chaotic male human Wizard entered the dungeon
  586: entered the Gnomish Mines
  728: attained the rank of Conjurer (level 3)
 1679: killed by the wrath of Anhur

Spells:
 Name                 Level Category     Fail Retention
 force bolt             1   attack         0%  91%-100%
 cure blindness         2   healing       43%  76%-100%

Skills:
 Fighting Skills
   bare handed combat [Unskilled]
   riding             [Unskilled]
 Weapon Skills
   dagger             [Unskilled]
   knife              [Unskilled]
   axe                [Unskilled]
   short sword        [Unskilled]
   club               [Unskilled]
   mace               [Unskilled]
   quarterstaff       [Basic]
   polearms           [Unskilled]
   spear              [Unskilled]
   trident            [Unskilled]
   sling              [Unskilled]
   dart               [Unskilled]
   shuriken           [Unskilled]
 Spellcasting Skills
   attack spells      [Basic]
   healing spells     [Unskilled]
   divination spells  [Unskilled]
   enchantment spells [Basic]
   clerical spells    [Unskilled]
   escape spells      [Unskilled]
   matter spells      [Unskilled]

Voluntary challenges:
 Character rerolling was not enabled.
 You were illiterate.
 You never genocided any monsters.
 You never polymorphed an object.
 You never changed form.
 You used no wishes.
Achievements:
 You entered the Gnomish Mines.
 You attained the rank of Conjurer.

 The Dungeons of Doom: levels 1 to 5
    Level 1:
       A fountain, some sinks.
    Level 2:
       A fountain.
       Stairs down to The Gnomish Mines.
    Level 3:
       A fountain.
    Level 4:
       A sink.
    Level 5: <- You were here.
       Final resting place for
          you, killed by the wrath of Anhur.
 The Gnomish Mines:
    Level 3:


Vanquished creatures:
  a rock mole
  a shrieker
  a paper golem
  a little dog
  a homunculus
  a wererat
  2 iguanas
  a coyote
  a manes
  a hobgoblin
  3 cave spiders
  a gecko
  3 jackals
  a fox
  2 kobolds
  2 goblins
  2 sewer rats
  5 grid bugs
  a lichen
  4 newts
35 creatures vanquished.

No species were genocided or became extinct.

Game over:
                       ----------
                      /          \
                     /    REST    \
                    /      IN      \
                   /     PEACE      \
                  /                  \
                  |    Drastanta     |
                  |      54 Au       |
                  |  killed by the   |
                  |  wrath of Anhur  |
                  |                  |
                  |                  |
                  |       2026       |
                 *|     *  *  *      | *
        _________)/\\_//(\/(/\)/\//\/|_)_______

Goodbye Drastanta the Wizard...

You died in The Dungeons of Doom on dungeon level 5 with 649 points,
and 54 pieces of gold, after 1679 moves.
You were level 4 with a maximum of 33 hit points when you died.

